 Dungeon Crawl Stone Soup version 0.23-a0-666-g28d4f2f0af (webtiles) character file.

27 Morbidden the Charmwright (level 2, 0/16 HPs)
             Began as a Deep Elf Skald on Jan 8, 2019.
             Slain by a jackal (1 damage)
             ... on level 1 of the Dungeon.
             The game lasted 00:02:30 (914 turns).

Morbidden the Charmwright (Deep Elf Skald)           Turns: 914, Time: 00:02:30

Health: 0/16       AC:  3    Str:  8    XL:     2   Next: 93%
Magic:  8/8        EV: 12    Int: 17    God:
Gold:   122        SH:  0    Dex: 14    Spells: 5/8 levels left

rFire    . . .     SeeInvis .   a - +0 short sword
rCold    . . .     Gourm    .   (no shield)
rNeg     + . .     Faith    .   b - +0 leather armour
rPois    .         Spirit   .   (no helmet)
rElec    .         Reflect  .   (no cloak)
rCorr    .         Harm     .   (no gloves)
MR       .....                  (no boots)
Stlth    +.........             (no amulet)
HPRegen  0.05/turn              j - ring of positive energy
MPRegen  0.11/turn              (no ring)

@: infused (expiring), singing
A: no striking features
a: no special abilities


You were on level 1 of the Dungeon.
You were not hungry.

You visited 1 branch of the dungeon, and saw 1 of its levels.

You collected 122 gold pieces.

Inventory:

Hand Weapons
 a - a +0 short sword (weapon)
Armour
 b - a +0 leather armour (worn)
Jewellery
 j - a ring of positive energy (left hand)
Scrolls
 c - a scroll of remove curse {unknown}
 e - a scroll of enchant weapon {unknown}
 f - 3 scrolls of blinking {unknown}
 g - a scroll of magic mapping {unknown}
 o - a scroll of identify {unknown}
Potions
 h - a potion of curing {unknown}
 i - a potion of flight {unknown}
 k - a potion of magic
 l - a potion of haste {unknown}
 m - a potion of degeneration {unknown}
 n - a potion of invisibility {unknown}
Comestibles
 d - 3 rations


   Skills:
 + Level 1.5 Fighting
 + Level 2.2 Short Blades
 + Level 1.2 Armour
 + Level 2.8 Dodging
 + Level 3.5 Spellcasting
 + Level 4.7 Charms


You had 5 spell levels left.
You knew the following spells:

 Your Spells              Type           Power        Failure   Level  Hunger
a - Infusion              Chrm           ###.         3%          1    None
z - Song of Slaying       Chrm           ###.....     4%          2    ##.....

Your spell library contained the following spells:

 Spells                   Type           Power        Failure   Level  Hunger
 Shroud of Golubria       Chrm/Tloc      ##........   13%         2    ##.....
 Regeneration             Chrm/Necr      ##........   26%         3    ###....
 Spectral Weapon          Hex/Chrm       ##......     26%         3    ###....


Dungeon Overview and Level Annotations

Branches:
Dungeon (1/15)

Altars:


Message History

The jackal bites you.
* * * LOW HITPOINT WARNING * * *
You hit the jackal.
You kill the jackal!
Your magical infusion is running out.
You barely miss the jackal.
The jackal bites you but does no damage.
Unknown command.
You closely miss the jackal. The jackal bites you.
* * * LOW HITPOINT WARNING * * *
The jackal barely misses you.
You hit the jackal.
The jackal is severely wounded.
The jackal barely misses you.
You closely miss the jackal.
The jackal is severely wounded.
The jackal misses you. x2
It was a potion of magic.
Magic courses through your body. The jackal bites you.
You die...

# ##### #.# ##'#######+# #
#.# #...# #... #.# #####.⌠.#
+... #########.####...#...#
#...
#................##'#######'#
#.#######.####.###..(#...#...
#####)# #.# #)# #.⌠.#.<.'...
......# #.####.###...#...#...
####### #...@hh..##'#########
########.#.).#...#...
#.)h..h...'... ###...#...#...
######### ##


You could see 2 jackals.

Vanquished Creatures
  A leopard gecko (D:1)
  3 giant cockroaches (D:1)
  4 goblins (D:1)
  4 hobgoblins (D:1)
  2 jackals (D:1)
  4 kobolds (D:1)
  A frilled lizard (D:1)
  2 rats (D:1)
21 creatures vanquished.

Notes
Turn   | Place    | Note
-------+----------+-------------------------------------------
     0 | D:1      | Morbidden the Deep Elf Skald began the quest for the Orb.
     0 | D:1      | Reached XP level 1. HP: 12/12 MP: 6/6
    40 | D:1      | Reached skill level 1 in Armour
   311 | D:1      | Reached XP level 2. HP: 16/16 MP: 4/8
   348 | D:1      | Learned a level 2 spell: Song of Slaying
   914 | D:1      | Slain by a jackal

Vault maps used:
D:1:      co_arrival_random_square_maze, minmay_pentomino_r4

Skill      XL: |  1 |
---------------+----+-----
Armour         | 1 |  1.2
Fighting       | |  1.5
Short Blades   | |  2.2
Dodging        | |  2.8
Spellcasting   | |  3.5
Charms         | |  4.7

Action                   || total
-------------------------++-------
Melee: Short sword       ||    50
 Cast: Infusion          ||     9
       Song of Slaying   ||     4
  Use: Potion            ||     1
Armor: Leather armour    ||    10
Dodge: Dodged            ||    30

Table legend:
 A = Non-vault XP
 B = Vault XP
 C = Vault XP percentage of total XP
 D = Non-vault monster count
 E = Vault monster count
 F = Vault count percentage of total count
                 A         B        C        D         E       F
            +---------+---------+-------+---------+---------+-------
      Total |      35 |       4 |  10.3 |      19 |       2 |   9.5
            +---------+---------+-------+---------+---------+-------
        D:1 |      35 |       4 |  10.3 |      19 |       2 |   9.5
            +---------+---------+-------+---------+---------+-------
